 Dungeon Crawl Stone Soup version 0.19.1 (webtiles) character file.

795 JeffiDaFish the Cudgeler (level 7, 0/44 HPs)
             Began as a Gargoyle Fighter on Dec 12, 2016.
             Slain by a soldier ant (7 damage)
             ... on level 5 of the Dungeon.
             The game lasted 00:09:06 (2934 turns).

JeffiDaFish the Cudgeler (Gargoyle Fighter)         Turns: 2934, Time: 00:09:07

Health: 0/44       AC: 18    Str: 19    XL:     7   Next: 89%
Magic:  7/7        EV:  4    Int:  9    God:
Gold:   209        SH: 10    Dex: 11    Spells: 0 memorised, 6 levels left

rFire  . . .     SeeInvis .     a - +1 flail
rCold  . . .     Gourm    .     k - +0 plate armour
rNeg   + . .     Faith    .     c - +0 shield
rPois  ∞         Spirit   .     o - +0 helmet
rElec  +         Reflect  .     (no cloak)
rCorr  .         Harm     .     (no gloves)
MR     .....                    (no boots)
Stlth  ..........               (no amulet)
                                (no ring)
                                (no ring)

@: no status effects
A: negative energy resistance 1, electricity resistance, unbreathing,
petrification resistance, rot immunity, AC +4
a: no special abilities


You were on level 5 of the Dungeon.
You were near starving.

You visited 1 branch of the dungeon, and saw 5 of its levels.

You collected 209 gold pieces.

Inventory:

Hand Weapons
 a - a +1 flail (weapon)
Armour
 c - a +0 shield (worn)
 k - a +0 plate armour (worn)
 o - a +0 helmet (worn)
Scrolls
 m - a scroll of fear
 n - 2 scrolls of fog
Potions
 e - 4 potions of curing
 i - a potion of agility
 j - a potion of cancellation
 l - a potion of ambrosia
Comestibles
 b - 4 fruits
 d - a royal jelly
 f - 4 bread rations
 h - 2 meat rations


   Skills:
 + Level 4.5 Fighting
 + Level 6.2 Maces & Flails
 + Level 5.0 Armour
 + Level 0.5 Dodging
 + Level 5.3 Shields


You had 6 spell levels left.
You didn't know any spells.

Dungeon Overview and Level Annotations

Branches:
Dungeon (5/15)
 Temple: D:4-7

Altars:

Annotations:
D:5 2 runed doors


Innate Abilities, Weirdness & Mutations

You are resistant to torment.
Your stone body is resilient. (AC +4)
You are immune to poison.
You resist negative energy. (rN+)
You are resistant to electric shocks. (rElec)
You can survive without breathing.
You are immune to petrification.
You are immune to rotting.


Message History

The soldier ant is moderately wounded.
The soldier ant stings you!
* * * LOW HITPOINT WARNING * * *
Your shield and plate armour prevent you from hitting the soldier ant.
The soldier ant is moderately wounded.
You block the soldier ant's attack.
You hit the soldier ant but do no damage.
The soldier ant is moderately wounded.
The soldier ant barely misses you.
You hit the soldier ant.
The soldier ant is heavily wounded.
The soldier ant stings you but does no damage.
You hit the soldier ant but do no damage.
The soldier ant is heavily wounded.
The soldier ant stings you.
* * * LOW HITPOINT WARNING * * *
Your shield and plate armour prevent you from hitting the soldier ant.
The soldier ant is heavily wounded.
The soldier ant stings you!
You die...

# #.###..## ....#
#.....## yyy..#
#(#..##+##yyy##+##.
##.#...#####!.$#.
#.#....#%#....#
#.#.a..#)#.S..#. #
#.#.a.aaa'....#.
#.##.##.aa#a#
#.....###.#@# # .
####....###.###....
#.#..........#
#.#.#######.##
#.#.# # #.#.# #.#.#
#.#.# #.#.#


You could see 2 soldier ants, a worker ant and 6 killer bees.

Vanquished Creatures
  The ghost of Buffagor the Shield-Bearer, an amateur GrFi (D:4)
  2 water moccasins (D:5)
  2 soldier ants (D:5)
  A howler monkey (D:4)
  A crimson imp (D:5)
  An iguana (D:3)
  A hound skeleton (D:3)
  Robin (D:4)
  5 adders
  2 oozes
  2 adder skeletons (D:3)
  A dart slug (D:1)
  5 leopard geckos
  An orc (D:3)
  2 ball pythons (D:3)
  3 giant cockroaches
  8 hobgoblins
  2 quokkas (D:3)
  6 bats
  5 frilled lizards
  16 goblins
  7 kobolds
  A quokka skeleton (D:4)
  5 rats
81 creatures vanquished.

Notes
Turn   | Place    | Note
-------+----------+-------------------------------------------
     0 | D:1      | JeffiDaFish the Gargoyle Fighter began the quest for the Orb.
     0 | D:1      | Reached XP level 1. HP: 14/14 MP: 1/1
   371 | D:1      | Reached XP level 2. HP: 19/19 MP: 2/2
   769 | D:2      | Reached XP level 3. HP: 23/23 MP: 3/3
   866 | D:2      | Found a faded altar of an unknown god.
  1295 | D:3      | Reached skill level 3 in Maces & Flails
  1295 | D:3      | Reached XP level 4. HP: 28/29 MP: 4/4
  1597 | D:3      | Reached XP level 5. HP: 17/33 MP: 5/5
  2111 | D:4      | Noticed Robin
  2168 | D:4      | Killed Robin
  2240 | D:4      | Noticed Buffagor's ghost (amateur GrFi)
  2262 | D:4      | Killed Buffagor's ghost
  2262 | D:4      | Reached skill level 4 in Maces & Flails
  2262 | D:4      | Reached XP level 6. HP: 12/39 MP: 6/6
  2754 | D:5      | Entered Level 5 of the Dungeon
  2791 | D:5      | Found a runed door.
  2799 | D:5      | Noticed a soldier ant
  2799 | D:5      | Noticed a soldier ant
  2799 | D:5      | Noticed a soldier ant
  2800 | D:5      | Found a runed gate.
  2800 | D:5      | Noticed a soldier ant
  2800 | D:5      | Noticed a soldier ant
  2801 | D:5      | Found a runed door.
  2815 | D:5      | Found a runed gate.
  2815 | D:5      | Found a runed gate.
  2820 | D:5      | Noticed a water moccasin
  2820 | D:5      | Noticed a water moccasin
  2836 | D:5      | Killed a soldier ant
  2836 | D:5      | Reached skill level 5 in Maces & Flails
  2850 | D:5      | Killed a water moccasin
  2850 | D:5      | Reached skill level 5 in Shields
  2850 | D:5      | Reached XP level 7. HP: 28/44 MP: 7/7
  2914 | D:5      | Killed a soldier ant
  2914 | D:5      | Reached skill level 6 in Maces & Flails
  2914 | D:5      | Reached skill level 5 in Armour
  2934 | D:5      | Slain by a soldier ant

Skill      XL: |  1  2  3  4  5  6  7 |
---------------+----------------------+-----
Maces & Flails | 3 4 5 6 |  6.2
Shields        | 4 5 |  5.3
Fighting       | 4 |  4.5
Armour         | 4 5 |  5.0
Dodging        | |  0.5

Action                   |  1- 3 |  4- 6 |  7- 9 || total
-------------------------+-------+-------+-------++-------
Melee: Flail             |   169 |   208 |    83 ||   460
  Use: Potion            |     7 |     1 |     1 ||     9
       Scroll            |     4 |     4 |       ||     8
  Eat: Chunk             |     2 |     4 |       ||     6
Armor: Scale mail        |    53 |       |       ||    53
       Plate armour      |   107 |   151 |    44 ||   302
Dodge: Dodged            |    42 |    20 |    11 ||    73
Block: Shield            |   117 |    98 |    42 ||   257
